 Dungeon Crawl Stone Soup version 0.26-a0-257-g47e9e61525 (webtiles) character file.

Game seed: 13404258139416671117

2363 JoanKharjo the Destroyer (level 9, -6/52 HPs)
             Began as a Deep Elf Hedge Wizard on July 10, 2020.
             Was a Believer of Sif Muna.
             Mangled by a shadow (30 damage)
             ... on level 8 of the Dungeon.
             The game lasted 01:01:07 (8187 turns).

JoanKharjo the Destroyer (Deep Elf Hedge Wizard)    Turns: 8187, Time: 01:01:08

Health: -6/52      AC:  4    Str:  7    XL:     9   Next: 21%
Magic:  15/20      EV: 13    Int: 29    God:    Sif Muna [**....]
Gold:   282        SH:  0    Dex: 14    Spells: 9/20 levels left

rFire    . . .     SeeInvis .   N - +0 short sword of the End of Times {pain, Int+6}
rCold    + . .     Faith    .   (no shield)
rNeg     + . .     Spirit   .   b - +0 robe
rPois    .         Reflect  .   O - +0 helmet
rElec    .         Harm     .   (no cloak)
rCorr    .                      A - +0 pair of gloves
MR       .....                  (no boots)
Stlth    ++........             d - amulet of magic regeneration
HPRegen  0.17/turn              M - ring of protection from cold
MPRegen  0.42/turn              o - ring of positive energy

@: no status effects
A: no striking features
a: Channel Magic, Renounce Religion


You were on level 8 of the Dungeon.
You worshipped Sif Muna.
Sif Muna was pleased with you.
You were not hungry.

You visited 2 branches of the dungeon, and saw 9 of its levels.

You collected 282 gold pieces.

Inventory:

Hand Weapons
 a - a +0 dagger
 e - a +0 shortbow
 h - a +0 short sword
 q - a +0 whip
 s - a +2 morningstar of holy wrath
 y - a +2 dagger of venom
 E - a +0 trident
 H - a +3 long sword of flaming
 N - the +0 short sword of the End of Times (weapon) {pain, Int+6}
   (You found it on level 6 of the Dungeon)

   In the hands of one skilled in necromantic magic, it inflicts extra damage on
   living creatures.
   It affects your intelligence (+6).
 S - a cursed -2 hand crossbow
Missiles
 w - 33 poisoned darts (quivered)
 C - 161 arrows
 D - 21 boomerangs
Armour
 b - a +0 robe (worn)
 A - a +0 pair of gloves (worn)
 O - a +0 helmet (worn)
Jewellery
 c - an uncursed ring of see invisible
 d - an amulet of magic regeneration (around neck)
 g - an uncursed ring of flight
 o - a ring of positive energy (right hand)
 B - an uncursed ring of resist corrosion
 K - a +6 ring of dexterity
 M - a ring of protection from cold (left hand)
Wands
 P - a wand of digging (5)
Scrolls
 i - a scroll of immolation
 l - 3 scrolls of magic mapping
 r - 3 scrolls of enchant armour
 t - 3 scrolls of amnesia {unknown}
 x - 2 scrolls of remove curse {unknown}
 G - 2 scrolls of enchant weapon
 J - 3 scrolls of teleportation
 Q - 2 scrolls of blinking {unknown}
 R - a scroll of noise {unknown}
Potions
 j - 3 potions of degeneration
 k - a potion of brilliance {unknown}
 m - a potion of flight {unknown}
 n - 2 potions of berserk rage {unknown}
 p - 3 potions of lignification {unknown}
 u - a potion of invisibility {unknown}
 v - 6 potions of curing
 z - a potion of haste {unknown}
 F - 2 potions of mutation {unknown}
 I - 5 potions of heal wounds
 L - a potion of resistance {unknown}
Comestibles
 f - 23 rations


   Skills:
 + Level 3.9 Fighting
 - Level 2.4 Dodging
 - Level 2.4 Stealth
 - Level 6.1 Spellcasting
 - Level 11.1 Conjurations
 - Level 1.1 Summonings
 - Level 1.1 Translocations
 - Level 3.0 Air Magic


You had 9 spell levels left.
You knew the following spells:

 Your Spells              Type           Power        Failure   Level
a - Magic Dart            Conj           ####         1%          1
b - Blink                 Tloc           N/A          5%          2
c - Call Imp              Summ           ###.....     5%          2
d - Mephitic Cloud        Conj/Pois/Air  #####...     2%          3
e - Conjure Flame         Conj/Fire      #####...     1%          3

Your spell library contained the following spells:

 Spells                   Type           Power        Failure   Level
 Slow                     Hex            #.......     9%          2


Dungeon Overview and Level Annotations

Branches:
Dungeon (8/15)             Temple (1/1) D:6
   Lair: D:8-11

Altars:
Ashenzari
Cheibriados
Dithmenos
Elyvilon
Fedhas
Gozag
Hepliaklqana
Kikubaaqudgha
Makhleb
Nemelex Xobeh
Okawaru
Qazlal
Ru
Sif Muna
Trog
Uskayaw
Vehumet
Wu Jian
Xom
Yredelemnul
Zin
The Shining One

Annotations:
D:2 Sigmund
D:4 Purgy


Message History

The shadow completely resists.
The shadow barely misses your white imp.
Your white imp hits the shadow.
Your white imp freezes the shadow.
The shadow completely resists.
The shadow slips into darkness.
The shadow flickers and vanishes!
Deactivating autopickup; reactivate with Ctrl-A.
The shadow strikes at your white imp from the darkness!
Your white imp dies!
Your white imp dies!
Your white imp disappears in a puff of smoke!
You see here a +0 club.
Press: ? - help, v - describe, . - travel The floor.
Casting: Call Imp (safe; 5% risk of failure)
Confirm with . or Enter, or press ? or * to list all spells.
You blink.
The shadow strikes at you from the darkness!
Ouch! That really hurt!
You die...

####.####.#.......###
##########.....##...#.........
#........#..................##
#.###..........##...#......##
####.#............###.####...##
.......#....#.....# ### #..##
.....###...###..### #...#
.##....†..## ##{.# #...#
#.######.###§.@# #... #.#
##.#..#.# #. .##.########.#.#.#
...†......#......#
.##.......#..#.#.#
#..############# #..# #_##
#..##8...8 #..##.....


There were no monsters in sight!

Vanquished Creatures
  A water moccasin (D:7)
  An ice beast (D:5)
  5 ogres
  3 centaurs
  Blork the orc (D:5)
  A big kobold (D:7)
  A scorpion (D:6)
  6 killer bees (D:8)
  3 wights
  A howler monkey (D:5)
  An orc priest (D:8)
  A jelly (D:7)
  2 hounds
  A centaur skeleton (D:7)
  3 worker ants (D:4)
  5 orc wizards
  A howler monkey zombie (D:6)
  Robin (D:3)
  6 gnolls
  11 adders
  A shadow imp (D:5)
  A white imp (D:7)
  An ufetubus (D:7)
  An adder zombie (D:5)
  2 adder skeletons
  2 worms
  2 dart slugs (D:3)
  A leopard gecko (D:1)
  22 orcs
  A bat (D:3)
  4 giant cockroaches
  12 goblins
  5 hobgoblins
  3 jackals (D:7)
  A quokka (D:2)
  3 ball pythons
  3 frilled lizards
  A giant cockroach zombie (D:5)
  10 kobolds
  A leopard gecko zombie (D:5)
  A quokka skeleton (D:4)
  7 rats
140 creatures vanquished.

Vanquished Creatures (collateral kills)
  Grinder (D:4)
  A sky beast (D:5)
  A crocodile (D:8)
  A bullfrog (D:7)
  An orc wizard (D:6)
  A worker ant (D:5)
  An adder (D:4)
  An orc (D:4)
8 creatures vanquished.

Grand Total: 148 creatures vanquished

Notes
Turn   | Place    | Note
-------+----------+-------------------------------------------
     0 | D:1      | JoanKharjo the Deep Elf Hedge Wizard began the quest for
                  | the Orb.
     0 | D:1      | Reached XP level 1. HP: 10/10 MP: 7/7
     0 | D:1      | Found a bloodstained altar of Trog.
   302 | D:1      | Reached skill level 2 in Conjurations
   506 | D:1      | Reached XP level 2. HP: 15/15 MP: 7/9
   510 | D:1      | Learned a level 2 spell: Blink
   513 | D:1      | Learned a level 2 spell: Call Imp
  1066 | D:2      | Reached skill level 3 in Conjurations
  1106 | D:2      | Reached XP level 3. HP: 19/19 MP: 8/10
  1112 | D:2      | Noticed Sigmund
  1119 | D:2      | Learned a level 3 spell: Mephitic Cloud
  1365 | D:2      | Found a shimmering blue altar of Sif Muna.
  1367 | D:2      | Found a glowing golden altar of the Shining One.
  1367 | D:2      | Found a blossoming altar of Fedhas.
  1369 | D:2      | Found a shadowy altar of Dithmenos.
  1369 | D:2      | Found a sparkling altar of Nemelex Xobeh.
  1369 | D:2      | Found a shimmering altar of Xom.
  1522 | D:2      | Reached skill level 4 in Conjurations
  1702 | D:2      | Reached XP level 4. HP: 24/24 MP: 8/12
  1942 | D:3      | Reached skill level 1 in Air Magic
  2340 | D:3      | Reached XP level 5. HP: 28/28 MP: 8/13
  2355 | D:3      | Learned a level 3 spell: Conjure Flame
  2391 | D:3      | Found a shimmering blue altar of Sif Muna.
  2394 | D:3      | Became a worshipper of Sif Muna the Loreminder
  2485 | D:3      | Noticed Robin
  2494 | D:3      | Killed Robin
  2577 | D:3      | Reached skill level 5 in Spellcasting
  2596 | D:3      | Reached * piety under Sif Muna
  3316 | D:4      | Reached XP level 6. HP: 32/32 MP: 5/17
  3387 | D:4      | Reached skill level 5 in Conjurations
  3391 | D:4      | Noticed Grinder
  3533 | D:4      | Noticed Purgy
  3712 | D:4      | Reached skill level 6 in Conjurations
  3989 | D:4      | Reached XP level 7. HP: 32/36 MP: 18/18
  4053 | D:4      | Paralysed by Grinder for 7 turns
  4275 | D:4      | Killed Grinder
  4275 | D:4      | Reached skill level 7 in Conjurations
  4666 | D:5      | Entered Level 5 of the Dungeon
  4839 | D:5      | Reached ** piety under Sif Muna
  4932 | D:5      | Noticed Blork the orc
  4965 | D:5      | Killed Blork the orc
  4965 | D:5      | Reached skill level 8 in Conjurations
  5184 | D:5      | Reached XP level 8. HP: 41/41 MP: 11/19
  5365 | D:5      | Found an iron altar of Okawaru.
  5376 | D:5      | Reached skill level 9 in Conjurations
  5858 | D:6      | Got a warped short sword
  5859 | D:6      | Identified the +0 short sword of the End of Times {pain,
                  | Int+6} (You found it on level 6 of the Dungeon)
  5946 | D:6      | Found a staircase to the Ecumenical Temple.
  5961 | Temple   | Entered the Ecumenical Temple
  6553 | D:6      | Found an ancient bone altar of Kikubaaqudgha.
  6560 | D:6      | Reached skill level 10 in Conjurations
  6570 | D:6      | Found a radiant altar of Vehumet.
  6682 | D:6      | Found a shimmering blue altar of Sif Muna.
  7061 | D:7      | Reached skill level 11 in Conjurations
  7137 | D:7      | Reached skill level 1 in Fighting
  7447 | D:7      | Found an opulent altar of Gozag.
  7656 | D:8      | Reached XP level 9. HP: 48/48 MP: 9/20
  8115 | D:8      | Found an ornate altar of the Wu Jian Council.
  8116 | D:8      | Found a stormy altar of Qazlal.
  8119 | D:8      | Found a shadowy altar of Dithmenos.
  8187 | D:8      | Mangled by a shadow

Illustrated notes

Levels and vault maps discovered:
D:1:      sevenhm_arrival_forest_fort_small_6, layout_basic, minmay_statues_item
D:2:      layout_basic, doesnt_xom_only_xom, first_ration, grunt_decor_cap,
          uniq_sigmund
D:3:      layout_basic, st_stairs_11, lemuel_blue_sif_altar, uniq_robin
D:4:      layout_loops_corners, uniq_purgy, uniq_grinder
D:5:      layout_rooms, okawaru_metal_pillars_1_2, uniq_blork_the_orc
D:6:      layout_cave_pools, palyth_temple_overflow_mages,
          minmay_temple_entry_nine_rooms
D:7:      layout_rooms, basic_altar
D:8:      layout_loops_cross, nicolae_overflow_hidden_temple,
          fedhas_bush_and_centaur_altar
Temple:   eino_narrow_crystal_temple

Skill      XL: |  1  2  3  4  5  6  7  8  9 |
---------------+----------------------------+-----
Conjurations   | 2 3 4 6 8 11 | 11.1
Air Magic      | 2 3 |  3.0
Spellcasting   | 6 |  6.1
Fighting       | 2 3 |  3.9
Dodging        | |  2.4
Stealth        | |  2.4
Summonings     | |  1.1
Translocations | |  1.1

Action                   |  1- 3 |  4- 6 |  7- 9 || total
-------------------------+-------+-------+-------++-------
Melee: Dagger            |     6 |     9 |     6 ||    21
       Short sword       |     8 |       |    15 ||    23
       Whip              |       |     5 |       ||     5
       Morningstar       |       |     1 |       ||     1
 Cast: Magic Dart        |    73 |   168 |   294 ||   535
       Mephitic Cloud    |     2 |     8 |    11 ||    21
       Blink             |       |     4 |    18 ||    22
       Call Imp          |       |     7 |    46 ||    53
       Conjure Flame     |       |       |    11 ||    11
  Use: Scroll            |       |     2 |     6 ||     8
       Potion            |       |     2 |       ||     2
 Stab: Confused          |       |     2 |       ||     2
  Eat: Ration            |     1 |     2 |     4 ||     7
Armor: Robe              |     5 |     3 |     8 ||    16
Dodge: Dodged            |    19 |    39 |    33 ||    91

Table legend:
 A = Non-vault XP
 B = Vault XP
 C = Vault XP percentage of total XP
 D = Non-vault monster count
 E = Vault monster count
 F = Vault count percentage of total count
                 A         B        C        D         E       F
            +---------+---------+-------+---------+---------+-------
      Total |    3023 |     354 |  10.5 |     131 |      17 |  11.5
            +---------+---------+-------+---------+---------+-------
        D:1 |      20 |       0 |   0.0 |      14 |       0 |   0.0
        D:2 |     121 |       0 |   0.0 |      17 |       0 |   0.0
        D:3 |      86 |      51 |  37.2 |      18 |      12 |  40.0
        D:4 |     552 |     141 |  20.3 |      24 |       1 |   4.0
        D:5 |     615 |      54 |   8.1 |      13 |       1 |   7.1
        D:6 |     394 |     108 |  21.5 |      11 |       3 |  21.4
        D:7 |     686 |       0 |   0.0 |      18 |       0 |   0.0
        D:8 |     549 |       0 |   0.0 |      16 |       0 |   0.0
            +---------+---------+-------+---------+---------+-------
